 Dungeon Crawl Stone Soup version 0.30-a0-782-ge64f9170bb (webtiles) character file.

Game seed: 8012799681703487230

5101 Mgcat the Protected (level 10, 0/89 HPs)
             Began as an Armataur Fighter on Feb 22, 2023.
             Slain by a yak (1 damage)
             ... on level 8 of the Dungeon.
             The game lasted 00:17:25 (9367 turns).

Mgcat the Protected (Armataur Fighter)              Turns: 9367, Time: 00:17:26

Health: 0/89       AC: 13    Str: 25    XL:     10   Next: 32%
Magic:  10/10      EV:  6    Int:  9    God:
Gold:   247        SH: 11    Dex: 16    Spells: 9/9 levels left

rFire   . . .      SeeInvis .    a - +0 war axe
rCold   . . .      Faith    .    c - +0 buckler
rNeg    . . .      Spirit   .    w - +0 chain mail
rPois   .          Reflect  +    (no helmet)
rElec   .          Harm     .    (no cloak)
rCorr   .          Roll     +    q - +2 pair of gloves
Will    .....                    (no barding) Stlth
                                 u - amulet of reflection
HPRegen 0.34/turn                h - +6 ring of dexterity
MPRegen 0.12/turn                (no ring)

@: no status effects
A: large, rugged brown scales 3, deformed body, armoured tail, roll, long
tongue, awkward tongue
a: no special abilities


You were on level 8 of the Dungeon.
You visited 2 branches of the dungeon, and saw 10 of its levels.
You also visited: Ossuary.

You collected 397 gold pieces.
You spent 150 gold pieces at shops.

Inventory:

Hand Weapons
 a - a +0 war axe (weapon)
 F - a +4 battleaxe
   (You took it off a wight on level 8 of the Dungeon)
Missiles
 v - 2 throwing nets {=f, !d}
Armour
 c - a +0 buckler (worn)
 q - a +2 pair of gloves (worn)
   (You found it on level 3 of the Dungeon)
 w - a +0 chain mail (worn)
   (You took it off an orc priest on level 5 of the Dungeon)
Jewellery
 h - a +6 ring of dexterity (left hand)
   (You found it on level 6 of the Dungeon)
 u - an amulet of reflection (around neck)
   (You found it on level 4 of the Dungeon)
Wands
 d - a wand of flame (41)
   (You took it off Sigmund on level 2 of the Dungeon)
 t - a wand of roots (4)
   (You found it on level 4 of the Dungeon)
Scrolls
 i - 2 scrolls of teleportation
 j - a scroll of torment {!r}
 l - 3 scrolls of poison {!r}
 n - 2 scrolls of enchant armour
 o - a scroll of immolation {!r}
 p - a scroll of enchant weapon {unknown}
 x - a scroll of noise {!r}
 y - a scroll of magic mapping {!r}
 D - 3 scrolls of blinking {!r}
 E - a scroll of amnesia {unknown}
Potions
 b - a potion of mutation {!q}
 e - 2 potions of haste
 f - a potion of invisibility
 g - a potion of flight
 k - 2 potions of attraction {!q}
 m - 3 potions of heal wounds
 r - a potion of resistance
 s - 3 potions of brilliance
 z - 6 potions of curing
 A - a potion of berserk rage {unknown}
 B - a potion of lignification {!q}
 C - a potion of cancellation {unknown}


   Skills:
 + Level 6.8 Fighting
 * Level 8.3 Axes
 + Level 9.0 Armour
 + Level 8.2 Shields


You had 9 spell levels left.
You didn't know any spells.
Your spell library contained the following spells:

 Spells                   Type           Power      Damage    Failure   Level
 Kiss of Death            Conj/Necr      0%         2d5       94%         1
 Cigotuvi's Dreadful Rot  Necr/Pois/Air  0%         N/A       98%         2
 Ensorcelled Hibernation  Hex/Ice        0%         N/A       98%         2
 Passwall                 Tmut/Erth      0%         N/A       98%         2
 Poisonous Vapours        Pois/Air       0%         N/A       98%         2
 Confusing Touch          Hex            0%         N/A       100%        3
 Kindle Blastsparks       Fire/Tloc/Air  0%         2d10      100%        3
 Mephitic Cloud           Conj/Pois/Air  0%         N/A       100%        3
 Swiftness                Air            0%         N/A       100%        3
 Dispel Undead            Necr           0%         3d6       100%        4
 Fulminant Prism          Conj/Hex       0%         3d5       100%        4
 Iskenderun's Mystic Bla  Conj/Tloc      0%         2d3       100%        4
 Lee's Rapid Deconstruct  Erth           0%         3d4*      100%        5


Dungeon Overview and Level Annotations

Branches:
Dungeon (9/15)             Temple (1/1) D:7         Ossuary (visited)
   Lair: D:8-11         Orc: D:9-12

Altars:
Ashenzari
Cheibriados
Dithmenos
Elyvilon
Fedhas
Gozag
Makhleb
Qazlal
Ru
Sif Muna
Trog
Uskayaw
Vehumet
Wu Jian
Xom
Yredelemnul
Zin
The Shining One

Shops:
D:4 !


Innate Abilities, Weirdness & Mutations

You are completely covered in rugged brown scales. (AC +3, +7% HP)
Armour fits poorly on your strangely shaped body.
You have a long armoured tail.
You roll when moving toward enemies. (Rampage)
Your long tongue fully drains potion bottles. (2x potion effects)
Your tongue gives you trouble enunciating. (1.5x scroll delay)


Message History

Health restored: 89 Unknown command.
You climb downwards.
The centaur shoots an arrow.
You reflect the arrow off an invisible shield around you!
The arrow barely misses the centaur.
The centaur shoots an arrow.
You reflect the arrow off an invisible shield around you!
The arrow hits the centaur.
You block the yak's attack. The yak completely misses you. The yak gores you!
There is a stone staircase leading up, spattered with blood here.
You take 12 damage, and have 77/89 hp.
Danger x5: centaur, orc priest, yak x3!
The centaur shoots an arrow.
The arrow hits you. The yak gores you. The yak gores you!
The orc throws a boomerang.
You reflect the boomerang off an invisible shield around you!
The boomerang barely misses the orc.
The yak gores you but does no damage.
The orc priest casts a cantrip, but nothing happens.
The centaur shoots an arrow.
You reflect the arrow off an invisible shield around you!
The arrow hits the centaur!
You climb upwards.
There is a stone staircase leading down, spattered with blood here.
You take 23 damage, and have 54/89 hp.
MASSIVE DAMAGE!!
Warning x3: The yak can hit for moderate damage in melee! x3
Unknown command.
Unknown command.
You are too injured to fight recklessly!
You are too injured to fight recklessly!
You are too injured to fight recklessly!
You are too injured to fight recklessly!
Warning x3: The yak can hit for moderate damage in melee! x3
You slash the yak!
The yak is severely wounded.
You barely miss the yak. You hit the yak. The yak closely misses you.
The yak gores you. You block the yak's attack.
You hit the yak.
The yak is severely wounded.
You hit the yak. x2; The yak barely misses you.
The yak gores you but does no damage. The yak gores you.
You take 1 damage, and have 53/89 hp.
Warning x3: The yak can hit for moderate damage in melee! x3
You barely miss the yak.
The yak is severely wounded.
You barely miss the yak. You closely miss the yak. The yak gores you!
The yak gores you but does no damage. You block the yak's attack. x2
The yak gores you. You block the yak's attack.
You take 10 damage, and have 43/89 hp.
Warning x3: The yak can hit for moderate damage in melee! x3
Unknown command.
You hit the yak.
The yak is almost dead.
You hit the yak but do no damage. You slash the yak! The yak gores you.
The yak gores you but does no damage. The yak gores you.
You take 7 damage, and have 36/89 hp.
Warning x3: The yak can hit for moderate damage in melee! x3
Unknown command.
You hit the yak but do no damage.
The yak is almost dead.
You hit the yak. You slash the yak! The yak gores you.
You block the yak's attack. The yak gores you.
You take 6 damage, and have 30/89 hp.
Warning x3: The yak can hit for moderate damage in melee! x3
Unknown command.
You barely miss the yak.
The yak is almost dead.
You hit the yak but do no damage. You hit the yak. The yak barely misses you.
The yak gores you but does no damage. x2
Unknown command.
Warning x3: The yak can hit for moderate damage in melee! x3
You hit the yak but do no damage.
The yak is severely wounded.
You slash the yak! You hit the yak. The yak gores you but does no damage.
The yak gores you. x2
* * * LOW HITPOINT WARNING * * *
You take 9 damage, and have 22/89 hp.
Warning x3: The yak can hit for moderate damage in melee! x3
Unknown command.
You barely miss the yak.
The yak is severely wounded.
You barely miss the yak. You hit the yak but do no damage. The yak gores you!
* * * LOW HITPOINT WARNING * * *
The yak gores you but does no damage. You block the yak's attack.
You take 8 damage, and have 14/89 hp.
Warning x3: The yak can hit for moderate damage in melee! x3
Unknown command.
Unknown command.
Unknown command.
You slash the yak!
You kill the yak!
You hit the yak. You slash the yak! The yak completely misses you.
The yak gores you!
* * * LOW HITPOINT WARNING * * *
You take 13 damage, and have 1/89 hp.
Warning x2: The yak can hit for moderate damage in melee! x2
Unknown command.
Unknown command.
Unknown command.
You slice the yak!!
You kill the yak!
You hit the yak. The yak gores you.
You die...

.....#.# #.# #.###
.......#########.# #.#
....#..##......#.# ####.#
###.##.........#.#######....#
#.##.#.......#.##......####
#.##.##........##.######
#.##.######....##'#### #.##.#
#..†.......# #.##.#
#...@......#
##..#.######...#Y.....#
##...........####......#
(..####.####.# #......#
##.##.....##.# #......#
...#.......#.# ########
.#.#.......#.# .#....._.....#
.#.#.......#.#


You could see a yak.

Vanquished Creatures
  A hornet (D:8)
  2 wyverns
  Sigmund (D:2)
  4 yaks (D:8)
  3 black bears
  A sky beast (D:6)
  An orc warrior (D:7)
  3 ice beasts
  An ogre (D:6)
  A centaur (D:7)
  4 bullfrogs
  A gnoll sergeant (D:7)
  3 necrophages
  19 scorpions
  4 wights (D:8)
  4 killer bees (D:5)
  2 human zombies (Ossuary)
  7 hounds
  4 jellies
  7 orc priests
  Jessica (D:2)
  3 orc wizards
  3 scorpion zombies (Ossuary)
  4 mummies
  5 adders
  12 gnolls
  2 shadow imps
  3 white imps
  3 worms
  3 dart slugs
  38 orcs
  9 ball pythons
  6 endoplasms
  8 giant cockroaches
  4 gnoll zombies (Ossuary)
  6 hobgoblins
  5 jackals
  A quokka (D:2)
  6 bats
  4 frilled lizards
  7 goblins
  4 goblin zombies
  4 hobgoblin zombies
  7 kobolds
  3 kobold zombies (Ossuary)
  An orc zombie (Ossuary)
  8 rats
233 creatures vanquished.

Vanquished Creatures (others)
  An adder (D:4)
1 creature vanquished.

Grand Total: 234 creatures vanquished

Notes
Turn   | Place    | Note
-------+----------+-------------------------------------------
     0 | D:1      | Mgcat the Armataur Fighter began the quest for the Orb.
     0 | D:1      | Reached XP level 1. HP: 19/19 MP: 1/1
   229 | D:1      | Reached XP level 2. HP: 24/26 MP: 2/2
   253 | D:1      | Reached skill level 2 in Axes
   640 | D:1      | Found a faded altar of an unknown god.
   640 | D:1      | Noticed a sun demon
   946 | D:2      | Reached skill level 3 in Fighting
   947 | D:2      | Reached XP level 3. HP: 33/33 MP: 3/3
   992 | D:2      | Noticed Jessica
   994 | D:2      | Killed Jessica
   995 | D:2      | Reached skill level 4 in Armour
  1085 | D:2      | Reached XP level 4. HP: 39/40 MP: 4/4
  1229 | D:2      | Noticed Sigmund
  1245 | D:2      | Killed Sigmund
  1246 | D:2      | Reached skill level 3 in Axes
  1246 | D:2      | Reached skill level 4 in Shields
  1246 | D:2      | Reached XP level 5. HP: 18/48 MP: 5/5
  2017 | D:3      | Reached XP level 6. HP: 55/55 MP: 6/6
  2050 | D:3      | Found an opulent altar of Gozag.
  2135 | D:3      | Found a blossoming altar of Fedhas.
  2281 | D:3      | Reached skill level 5 in Armour
  2511 | D:3      | Found a glowing golden altar of the Shining One.
  2742 | D:4      | Reached skill level 4 in Fighting
  2742 | D:4      | Reached skill level 4 in Axes
  2742 | D:4      | Reached XP level 7. HP: 52/63 MP: 7/7
  2768 | D:4      | HP: 8/57 [acid (7)]
  2769 | D:4      | Reached skill level 5 in Shields
  3100 | D:4      | Found Leer's Distillery.
  3109 | D:4      | Bought a potion of haste for 100 gold pieces
  3109 | D:4      | Bought a potion of heal wounds for 50 gold pieces
  3195 | D:4      | Found a stormy altar of Qazlal.
  3370 | D:4      | Found the +7 staff of the Meek {protect, meekguard}
  3588 | D:5      | Entered Level 5 of the Dungeon
  4051 | D:5      | Reached skill level 6 in Armour
  4289 | D:5      | Reached skill level 5 in Axes
  4304 | D:5      | Reached XP level 8. HP: 49/71 MP: 8/8
  4601 | D:5      | Found a runed translucent door.
  4695 | D:5      | Reached skill level 5 in Fighting
  4695 | D:5      | Reached skill level 6 in Shields
  4970 | D:5      | Found a runed translucent door.
  5225 | D:5      | Reached skill level 6 in Axes
  5229 | D:5      | Reached skill level 7 in Armour
  5263 | D:5      | Reached XP level 9. HP: 45/79 MP: 9/9
  5799 | D:6      | Reached skill level 7 in Shields
  6131 | D:6      | Reached skill level 7 in Axes
  6373 | D:6      | Found a burning altar of Makhleb.
  6558 | D:7      | Reached skill level 6 in Fighting
  6622 | D:7      | Reached skill level 8 in Armour
  7452 | D:7      | Found a staircase to the Ecumenical Temple.
  7529 | Temple   | Entered the Ecumenical Temple
  7741 | D:8      | Found a sand-covered staircase.
  7748 | Ossuary  | Entered an ossuary
  7972 | Ossuary  | Reached XP level 10. HP: 87/89 MP: 10/10
  8093 | Ossuary  | Reached skill level 8 in Axes
  8221 | D:8      | Reached skill level 8 in Shields
  8724 | D:8      | Found a basalt altar of Yredelemnul.
  8732 | D:8      | Paralysed by a hornet for 2 turns
  9289 | D:8      | Reached skill level 9 in Armour
  9364 | D:8      | HP: 22/89 [yak (6)]
  9366 | D:8      | HP: 1/89 [yak (13)]
  9367 | D:8      | Slain by a yak

Illustrated notes

Levels and vault maps discovered:
D:1:      evilmike_arrival_rings, layout_basic,
          dreamdust_ecumenical_altar_sealed_demon
D:2:      layout_loops_ring, grunt_decor_resistance,
          nicolae_kite_square_tiling_tiny, uniq_jessica, uniq_sigmund
D:3:      layout_basic, fedhas_altar_2, lemuel_round_altar,
          mainiacjoe_overflow_brackets
D:4:      layout_loops_ring, grunt_qazlal_clouds, serial_shops, shop,
          minmay_curled_crystal
D:5:      lemuel_insect_pit, layout_layer_cave, minmay_door_square
D:6:      layout_gridville, mainiacjoe_overflow_surrounded_room
D:7:      layout_basic, minmay_temple_entry_enclosed_plants
D:8:      lemuel_ice_spiral_2, layout_basic, old_standard_altar,
          nicolae_ossuary_entry_giza, minivault_25
D:9:      layout_stronghold, general_overflow_altar, dpeg_lair_monsters,
          kennysheep_generic_room_3
Temple:   nicolae_temple_ecumenical_triangle

Skill      XL: |  1  2  3  4  5  6  7  8  9 10 |
---------------+-------------------------------+-----
Axes           | 2 3 4 5 6 7 8 |  8.3
Fighting       | 3 4 5 6 |  6.8
Armour         | 4 5 6 7 8 9 |  9.0
Shields        | 4 5 6 7 8 |  8.2

Action                     |  1- 3 |  4- 6 |  7- 9 | 10-12 || total
---------------------------+-------+-------+-------+-------++-------
  Melee: War axe           |    63 |   130 |   476 |    83 ||   752
         Tailslap          |     8 |    20 |    68 |    17 ||   113
    Use: Potion            |       |     2 |    11 |       ||    13
         Scroll            |       |       |    11 |     6 ||    17
   Stab: Invisible         |       |       |    12 |       ||    12
 Armour: Scale mail        |    32 |    62 |    85 |       ||   179
         Chain mail        |       |       |   208 |    30 ||   238
  Dodge: Dodged            |    21 |    44 |   138 |    17 ||   220
  Block: Buckler           |    13 |    25 |   247 |    42 ||   327
         Reflection        |       |       |     2 |     5 ||     7

Table legend: (Time is in decaauts)
 A = Elapsed time spent in this place.
 B = Non-inter-level travel time spent in this place.
 C = Inter-level travel time spent in this place.
 D = Time resting spent in this place.
 E = Time spent auto-exploring this place.
 F = Levels seen in this place.
 G = Mean time per level.
                   A        B        C        D        E       F      G
               +--------+--------+--------+--------+--------+-----+--------+
         Total |   9554 |   9196 |    358 |    404 |   7058 |  11 |  868.5 |
       Dungeon |   9038 |   8688 |    350 |    404 |   6810 |   9 | 1004.2 |
        Temple |     57 |     49 |      8 |      0 |     10 |   1 |   57.0 |
       Ossuary |    459 |    459 |      0 |      0 |    238 |   1 |  459.0 |
               +--------+--------+--------+--------+--------+-----+--------+

Top non-repeatable levels by time:
     D:5: 1860 daAuts
     D:6: 1333 daAuts
     D:8: 1273 daAuts
     D:4: 1080 daAuts
     D:2: 1047 daAuts
     D:1: 960 daAuts
     D:7: 883 daAuts
     D:3: 592 daAuts
 Ossuary: 459 daAuts
  Temple: 57 daAuts
     D:9: 6 daAuts

Table legend:
 A = Kills in this place as a percentage of kills in entire the game.
 B = Kills by you in this place as a percentage of kills by you in the entire game.
 C = Kills by friends in this place as a percentage of kills by friends in the entire game.
 D = Other kills in this place as a percentage of other kills in the entire game.
 E = Experience gained in this place as a percentage of experience gained in the entire game.
 F = Experience gained in this place divided by the number of levels of this place that you have seen.
                   A       B       C       D       E      F
               +-------+-------+-------+-------+-------+----------------------
         Total | 100.0 | 100.0 |   N/A |   N/A | 100.0 | 681.9
       Dungeon |  87.1 |  87.1 |   N/A |   N/A |  87.7 | 730.9
       Ossuary |  12.9 |  12.9 |   N/A |   N/A |  12.3 | 923.0
               +-------+-------+-------+-------+-------+----------------------
